 Dungeon Crawl Stone Soup version 0.24-a0-378-g94936e539c (webtiles) character file.

Game seed: 6626681169195960691

2291 ohad the Insei (level 9, -2/59 HPs)
             Began as an Octopode Transmuter on June 2, 2019.
             Was an Initiate of Gozag.
             Slain by an ice beast (9 damage)
             ... on level 6 of the Dungeon.
             The game lasted 00:16:43 (7523 turns).

ohad the Insei (Octopode Transmuter)                Turns: 7523, Time: 00:16:44

Health: -2/59      AC:  1    Str: 11    XL:     9   Next: 40%
Magic:  12/16      EV: 15    Int: 19    God:    Gozag
Gold:   531        SH:  0    Dex: 12    Spells: 2/17 levels left

rFire    . . .     SeeInvis .     - Unarmed
rCold    . . .     Gourm    .   (no shield)
rNeg     . . .     Faith    .   (helmet restricted)
rPois    .         Spirit   .   (no amulet)
rElec    .         Reflect  .   m - ring of resist corrosion
rCorr    +         Harm     .   n - +2 ring of strength
MR       .....                  (no ring)
Stlth    +++.......             (no ring)
HPRegen  0.19/turn              (no ring)
MPRegen  0.15/turn              (no ring)
                                (no ring)
                                (no ring)

@: gold aura, flying, very slightly contaminated
A: almost no armour, stealthy swim, amphibious, 8 rings, constrict 8, camouflage
1, gelatinous body 1
a: Potion Petition, Call Merchant, Bribe Branch, Renounce Religion


You were on level 6 of the Dungeon.
You worshipped Gozag.
Gozag was pleased with you.
You were hungry.

You visited 2 branches of the dungeon, and saw 7 of its levels.
You also visited: Sewer.

You collected 609 gold pieces.
You paid 78 gold pieces to Gozag.

Inventory:

Hand Weapons
 s - the +6 dagger "Jevewob" {flame, Str+2 Dex+4}
   (You found it on level 4 of the Dungeon)

   It has been specially enchanted to burn those struck by it, causing extra
   injury to most foes and up to half again as much damage against particularly
   susceptible opponents.
   It affects your strength (+2).
   It affects your dexterity (+4).
 t - a +2 falchion of holy wrath
 x - a +0 short sword of venom
 B - a +2 dagger of holy wrath
 C - a +2 short sword of electrocution
 D - the +4 flail "Beast's Demise" {crush, +Rage rF- rC++ Stlth+, unknown}
   (You found it on level 5 of the Dungeon)

   It inflicts extra damage upon your enemies.
   It makes you vulnerable to fire.
   It greatly protects you from cold.
   It lets you go berserk.
   It makes you more stealthy.
Missiles
 a - 37 arrows
 d - 29 poisoned darts (quivered)
 v - 4 atropa-tipped darts
 E - 3 javelins
Armour
 h - a +0 shield
Jewellery
 m - a ring of resist corrosion (left tentacle)
 n - a +2 ring of strength (right tentacle)
Wands
 y - a wand of disintegration (7)
Scrolls
 e - 2 scrolls of teleportation
 g - a scroll of random uselessness {unknown}
 i - 3 scrolls of enchant weapon {unknown}
 k - 3 scrolls of fog {unknown}
 o - 2 scrolls of enchant armour {unknown}
 q - a scroll of magic mapping
 u - 3 scrolls of remove curse
 w - 2 scrolls of identify {unknown}
 z - 3 scrolls of immolation {unknown}
Potions
 b - 7 potions of flight
 f - 3 potions of ambrosia {unknown}
 j - a potion of might {unknown}
 l - a potion of mutation {unknown}
 p - a potion of curing {unknown}
 r - a potion of berserk rage {unknown}
 A - a potion of haste {unknown}
Comestibles
 c - 2 rations


   Skills:
 * Level 4.7 Fighting
 * Level 4.1 Dodging
 - Level 3.1 Stealth
 + Level 7.5 Unarmed Combat
 - Level 4.7 Spellcasting
 - Level 5.2 Transmutations
 - Level 3.3 Ice Magic


You had 2 spell levels left.
You knew the following spells:

 Your Spells              Type           Power        Failure   Level  Hunger
a - Beastly Appendage     Tmut           ###...       1%          1    None
b - Sticks to Snakes      Tmut           ###.....     2%          2    #......
c - Spider Form           Tmut/Pois      ##........   13%         3    ##.....
d - Ice Form              Ice/Tmut       ###.....     22%         4    ####...
e - Blade Hands           Tmut           ###.......   38%         5    ######.

Your spell library contained the following spells:

 Spells                   Type           Power        Failure   Level  Hunger
 Summon Small Mammal      Summ           #...         13%         1    None
 Call Imp                 Summ           #.......     19%         2    #......
 Call Canine Familiar     Summ           #.......     36%         3    ##.....
 Summon Guardian Golem    Hex/Summ       #.......     36%         3    ##.....
 Summon Ice Beast         Ice/Summ       ##......     54%         4    ####...
 Summon Lightning Spire   Summ/Air       #.......     77%         4    ####...


Dungeon Overview and Level Annotations

Branches:
Dungeon (6/15)             Temple (1/1) D:4

Altars:
Gozag
Hepliaklqana
Kikubaaqudgha
Makhleb
Nemelex Xobeh
Okawaru
Qazlal
Sif Muna
Uskayaw
Wu Jian
Yredelemnul
The Shining One
Beogh

Shops:
D:5 [

Annotations:
D:3 2 transporters
D:6 3 runed translucent doors, Ratty's ghost, novice MiFi


Innate Abilities, Weirdness & Mutations

You cannot wear most types of armour.
You are very stealthy in the water. (Stealth+)
You are amphibious.
You can wear up to eight rings at the same time.
You can use your tentacles to constrict eight enemies at once.
Your skin changes colour to match your surroundings (Stealth+).
Your rubbery body absorbs attacks. (AC +1, EV +1)


Message History

The ice beast barely misses you.
You closely miss the ice beast. You squeeze the ice beast.
The ice beast is moderately wounded.
The ice beast hits you. The ice beast freezes you!
Casting: Ice Form (slightly dangerous; 22% risk of failure)
Confirm with . or Enter, or press ? or * to list all spells.
You miscast Ice Form.
You are very lightly contaminated with residual magic.
Nothing appears to happen.
You are feeling hungry.
The ice beast hits you. The ice beast freezes you!
* * * LOW HITPOINT WARNING * * *
Okay, then.
It was a potion of flight.
You feel very buoyant.
You fly up into the air.
The ice beast hits you.
* * * LOW HITPOINT WARNING * * *
The ice beast freezes you!
You die...
Your body crumbles into a pile of gold.

#################
#....Y@.........#
#.#......>.####.#
# #....#####.#
#.# ...... #.#
#.# ##(.. #.# #.#
#.#. #.# #.# #..#
#.# #.# ###.## #
#.# #.## .......
#.# #..##


You could see an ice beast.

Vanquished Creatures
  Pikel (D:6)
  Grinder (Sewer)
  Edmund (D:6)
  A black bear (D:6)
  2 slaves (D:6)
  2 ogres
  2 big kobolds (Sewer)
  2 bullfrogs (D:6)
  A scorpion (D:5)
  A bullfrog zombie (D:5)
  A quasit (Sewer)
  2 hounds (D:5)
  A jelly (D:5)
  4 orc wizards
  2 bullfrog skeletons
  A centaur skeleton (D:5)
  2 iguanas
  Terence (D:3)
  5 worker ants
  5 big kobold zombies (Sewer)
  2 hound skeletons
  3 gnolls (D:4)
  9 adders
  A river rat (D:3)
  3 shadow imps
  2 ufetubi (Sewer)
  2 oozes
  2 worms (D:3)
  3 dart slugs
  5 leopard geckos
  23 orcs
  9 giant cockroaches
  6 goblins
  7 hobgoblins
  4 jackals
  18 kobolds
  5 quokkas
  A ball python (Sewer)
  6 bats
  3 frilled lizards
  2 giant cockroach zombies (Sewer)
  A kobold zombie (Sewer)
  A quokka skeleton (D:4)
  8 rats
164 creatures vanquished.

Vanquished Creatures (others)
  A centaur (D:6)
1 creature vanquished.

Grand Total: 165 creatures vanquished

Notes
Turn   | Place    | Note
-------+----------+-------------------------------------------
     0 | D:1      | ohad the Octopode Transmuter began the quest for the Orb.
     0 | D:1      | Reached XP level 1. HP: 13/13 MP: 3/3
   112 | D:1      | Reached XP level 2. HP: 15/18 MP: 3/5
   923 | D:2      | Noticed a scorpion
   981 | D:2      | Reached XP level 3. HP: 23/23 MP: 6/6
   985 | D:2      | Learned a level 2 spell: Sticks to Snakes
   989 | D:2      | Learned a level 3 spell: Spider Form
  1810 | D:3      | Reached XP level 4. HP: 12/28 MP: 8/8
  1965 | D:3      | Found a transporter.
  1986 | D:3      | Found a transporter.
  2014 | D:3      | Noticed Terence
  2025 | D:3      | Killed Terence
  2160 | D:3      | Found a glowing drain.
  2254 | Sewer    | Entered a sewer
  2271 | Sewer    | Reached XP level 5. HP: 35/35 MP: 9/9
  2544 | Sewer    | Learned a level 4 spell: Ice Form
  2554 | Sewer    | Reached skill level 1 in Ice Magic
  2797 | Sewer    | Found a burning altar of Makhleb.
  2797 | Sewer    | Noticed a big kobold
  2818 | Sewer    | Killed a big kobold
  2818 | Sewer    | Reached XP level 6. HP: 34/41 MP: 7/10
  3032 | Sewer    | Noticed Grinder
  3074 | Sewer    | Killed Grinder
  3074 | Sewer    | Reached skill level 5 in Transmutations
  3074 | Sewer    | Reached XP level 7. HP: 22/45 MP: 2/11
  4542 | D:4      | Learned a level 5 spell: Blade Hands
  4699 | D:4      | Reached skill level 4 in Unarmed Combat
  4738 | D:4      | Reached XP level 8. HP: 33/51 MP: 13/15
  4862 | D:4      | Found an iron altar of Okawaru.
  5005 | D:4      | Found a staircase to the Ecumenical Temple.
  5038 | Temple   | Entered the Ecumenical Temple
  5133 | Temple   | Became a worshipper of Gozag Ym Sagoz the Greedy
  5192 | D:4      | Got a blackened dagger
  5193 | D:4      | Identified the +6 dagger "Jevewob" {flame, Str+2 Dex+4}
                  | (You found it on level 4 of the Dungeon)
  5214 | D:5      | Entered Level 5 of the Dungeon
  5229 | D:5      | Reached skill level 1 in Stealth
  5730 | D:5      | Reached skill level 5 in Unarmed Combat
  5874 | D:5      | Found Xaodu's Antique Armour Emporium.
  5975 | D:5      | Got a jewelled flail
  6484 | D:6      | Noticed Edmund
  6508 | D:6      | Killed Edmund
  6508 | D:6      | Reached skill level 6 in Unarmed Combat
  6844 | D:6      | Reached XP level 9. HP: 56/58 MP: 16/16
  7306 | D:6      | Found a runed translucent gate.
  7307 | D:6      | Found a runed translucent gate.
  7308 | D:6      | Found a runed translucent gate.
  7310 | D:6      | Noticed Ratty's ghost (novice MiFi)
  7313 | D:6      | Found a roughly hewn altar of Beogh.
  7348 | D:6      | Noticed Pikel
  7357 | D:6      | Killed Pikel
  7357 | D:6      | Reached skill level 7 in Unarmed Combat
  7523 | D:6      | Slain by an ice beast

Levels and vault maps discovered:
D:1:      psy_arrival_conway, layout_basic, minivault_25
D:2:      layout_basic, kennysheep_boxes
D:3:      gammafunk_wand_slinger, layout_loops_corners, gup_sewer_entry_bubbles,
          uniq_terence
D:4:      layout_rooms, minmay_temple_entry_nine_rooms, okawaru_trees_1
D:5:      layout_rooms, first_ration, serial_shops, nicolae_shop_waterfront,
          minmay_quadrilaterals
D:6:      layout_loops_ring, biasface_ghost_orc_armoury, uniq_edmund, uniq_pikel
Temple:   kilobyte_greek_temple

Skill      XL: |  1  2  3  4  5  6  7  8  9 |
---------------+----------------------------+-----
Transmutations | 3 5 |  5.2
Spellcasting   | 3 4 |  4.7
Fighting       | 2 4 |  4.7
Ice Magic      | 3 |  3.3
Unarmed Combat | 4 6 7 |  7.5
Stealth        | 3 |  3.1
Dodging        | 3 4 |  4.1

Action                   |  1- 3 |  4- 6 |  7- 9 || total
-------------------------+-------+-------+-------++-------
Melee: Unarmed           |    71 |   149 |   308 ||   528
       Kick              |     4 |    14 |    18 ||    36
       Constrict         |    16 |    22 |    37 ||    75
       Tentacles         |    16 |    18 |    27 ||    61
       Punch             |     3 |     3 |     8 ||    14
 Cast: Beastly Appendage |     8 |     8 |    12 ||    28
       Sticks to Snakes  |     1 |     2 |     5 ||     8
       Spider Form       |       |     5 |     2 ||     7
       Ice Form          |       |       |    11 ||    11
  Use: Scroll            |       |     2 |     1 ||     3
       Potion            |       |       |     1 ||     1
 Stab: Sleeping          |     9 |     2 |     9 ||    20
  Eat: Chunk             |     2 |     5 |     4 ||    11
       Ration            |       |       |     4 ||     4
Armor: Skin              |       |    11 |    33 ||    44
Dodge: Dodged            |    30 |   107 |   178 ||   315

Table legend:
 A = Non-vault XP
 B = Vault XP
 C = Vault XP percentage of total XP
 D = Non-vault monster count
 E = Vault monster count
 F = Vault count percentage of total count
                 A         B        C        D         E       F
            +---------+---------+-------+---------+---------+-------
      Total |    1614 |    1660 |  50.7 |     116 |      46 |  28.4
            +---------+---------+-------+---------+---------+-------
        D:1 |      31 |       0 |   0.0 |      15 |       0 |   0.0
        D:2 |      91 |       0 |   0.0 |      23 |       0 |   0.0
        D:3 |      84 |      64 |  43.2 |      14 |       8 |  36.4
        D:4 |     334 |       0 |   0.0 |      19 |       0 |   0.0
        D:5 |     663 |      94 |  12.4 |      30 |       3 |   9.1
        D:6 |     411 |     815 |  66.5 |      15 |       2 |  11.8
      Sewer |       0 |     687 | 100.0 |       0 |      33 | 100.0
            +---------+---------+-------+---------+---------+-------
